 Dungeon Crawl Stone Soup version 0.24-a0-170-gd8427f5 (webtiles) character file.

Game seed: 9844494883405063990

106 thiefwriter the Sneak (level 5, 0/39 HPs)
             Began as a Human Assassin on Mar 9, 2019.
             Slain by an orc
             ... wielding a cursed -1 flail
              (6 damage)
             ... on level 3 of the Dungeon.
             The game lasted 00:04:29 (2296 turns).

thiefwriter the Sneak (Human Assassin)              Turns: 2296, Time: 00:04:30

Health: 0/39       AC:  4    Str: 12    XL:     5   Next: 10%
Magic:  5/5        EV: 12    Int: 13    God:
Gold:   180        SH:  0    Dex: 15    Spells: 4/4 levels left

rFire    + . .     SeeInvis .   a - +2 dagger
rCold    . . .     Gourm    .   (no shield)
rNeg     . . .     Faith    +   c - +0 robe
rPois    .         Spirit   .   (no helmet)
rElec    .         Reflect  .   d - +0 cloak
rCorr    .         Harm     .   (no gloves)
MR       .....                  (no boots)
Stlth    +++.......             j - amulet of faith
HPRegen  0.13/turn              i - ring of protection from fire
MPRegen  0.09/turn              (no ring)

@: no status effects
A: clever 1, shaggy fur 1
a: no special abilities


You were on level 3 of the Dungeon.
You were not hungry.

You visited 1 branch of the dungeon, and saw 3 of its levels.

You collected 180 gold pieces.

Inventory:

Hand Weapons
 a - a +2 dagger (weapon)
 b - a +0 blowgun
 g - a +0 falchion
Missiles
 e - 8 poisoned needles
 f - 2 curare-tipped needles
Armour
 c - a +0 robe (worn)
 d - a +0 cloak (worn)
Jewellery
 i - a ring of protection from fire (left hand)
 j - an amulet of faith (around neck)
Scrolls
 h - 5 scrolls of identify {unknown}
 k - a scroll of enchant armour {unknown}
 l - 3 scrolls of teleportation {unknown}
 o - a scroll of enchant weapon {unknown}
 p - a scroll of remove curse {unknown}
Comestibles
 n - 3 rations


   Skills:
 + Level 2.6 Fighting
 + Level 3.2 Short Blades
 + Level 2.1 Throwing
 + Level 1.5 Dodging
 + Level 5.0 Stealth


You had 4 spell levels left.
You didn't know any spells.
Your spell library was empty.

Dungeon Overview and Level Annotations

Branches:
Dungeon (3/15)

Altars:
Fedhas
Ru


Innate Abilities, Weirdness & Mutations

Your mind is acute. (Int +2)
You are covered in fur. (AC +1)


Message History

You hit the orc priest.
The orc priest is almost dead.
The orc misses you.
You hit the orc priest but do no damage.
The orc priest is almost dead.
The orc priest miscasts a cantrip.
You hit the orc priest.
You kill the orc priest!
Your Stealth skill increases to level 5!
You have reached level 5!
The orc hits you but does no damage.
You hit the orc.
The orc is almost dead.
The orc hits you with a cursed -1 flail!
* * * LOW HITPOINT WARNING * * *
The hobgoblin misses you.
It was a potion of mutation.
You feel extremely strange.
You feel clever. Fur sprouts all over your body.
The orc hits you with a cursed -1 flail.
You die...

#.##.##..##..######.#.#######
............................#
†.##.##..##. ........#####.#
..##.##..##.# ........# ###
..........#. ).......#
..##.##...#.#######.#.#
..............#####.#.##
............†.#........#
..#####...#.#...@...#.## .##
#. ...#.go#.###.# .#
#.#.#...#.# #.# .#
#.#...$o#.# #.# .#.#.....#.#
#.# .........#.###.#
.#.##....)...... #.
#....#.##### ...........#


You could see 2 orcs and a hobgoblin.

Vanquished Creatures
  An orc priest (D:3)
  An adder (D:2)
  A dart slug (D:1)
  A ball python (D:3)
  7 bats
  5 giant cockroaches
  6 goblins
  15 hobgoblins
  2 jackals (D:2)
  9 kobolds
  2 quokkas (D:3)
  3 frilled lizards
  5 rats
58 creatures vanquished.

Notes
Turn   | Place    | Note
-------+----------+-------------------------------------------
     0 | D:1      | thiefwriter the Human Assassin began the quest for the Orb.
     0 | D:1      | Reached XP level 1. HP: 16/16 MP: 1/1
     2 | D:1      | Noticed a merfolk
     2 | D:1      | Noticed a vine stalker
     4 | D:1      | Noticed a halfling
     4 | D:1      | Noticed a felid
     6 | D:1      | Noticed a dwarf
     6 | D:1      | Noticed a ghoul
     8 | D:1      | Noticed an ogre
    10 | D:1      | Noticed a tengu
    10 | D:1      | Noticed a minotaur
    12 | D:1      | Noticed a naga
    12 | D:1      | Noticed an octopode
    14 | D:1      | Noticed a draconian
    14 | D:1      | Noticed a centaur
    16 | D:1      | Noticed a spriggan
    18 | D:1      | Noticed a human
    18 | D:1      | Noticed a troll
    20 | D:1      | Noticed a vampire
    20 | D:1      | Noticed a demonspawn
    22 | D:1      | Noticed an elf
    22 | D:1      | Noticed a gargoyle
    24 | D:1      | Noticed a formicid
    26 | D:1      | Noticed a demigod
    72 | D:1      | Reached XP level 2. HP: 14/22 MP: 2/2
   507 | D:1      | Reached XP level 3. HP: 22/27 MP: 3/3
  1000 | D:2      | Reached XP level 4. HP: 21/34 MP: 4/4
  1752 | D:3      | Found a blossoming altar of Fedhas.
  1910 | D:3      | Found a sacrificial altar of Ru.
  2288 | D:3      | Reached skill level 5 in Stealth
  2288 | D:3      | Reached XP level 5. HP: 14/39 MP: 5/5
  2296 | D:3      | Gained mutation: Your mind is acute. (Int +2) [potion of
                  | mutation]
  2296 | D:3      | Gained mutation: You are covered in fur. (AC +1) [potion of
                  | mutation]
  2296 | D:3      | Slain by an orc

Levels and vault maps discovered:
D:1:      kb_arrival_jail, layout_basic
D:2:      layout_basic
D:3:      layout_basic, fedhas_altar_2, nicolae_ru_great_annihilating_truth,
          lemuel_round_altar, first_ration

Skill      XL: |  1  2  3  4 |
---------------+-------------+-----
Short Blades   | 3 |  3.2
Stealth        | 5 |  5.0
Fighting       | |  2.6
Throwing       | |  2.1
Dodging        | |  1.5

Action                   |  1- 3 |  4- 6 || total
-------------------------+-------+-------++-------
Melee: Dagger            |   119 |    73 ||   192
  Use: Potion            |       |     1 ||     1
 Stab: Sleeping          |     3 |     7 ||    10
       Paralysed         |       |     1 ||     1
  Eat: Ration            |       |     1 ||     1
       Chunk             |       |     1 ||     1
Armor: Robe              |    33 |    27 ||    60
Dodge: Dodged            |    48 |    46 ||    94

Table legend:
 A = Non-vault XP
 B = Vault XP
 C = Vault XP percentage of total XP
 D = Non-vault monster count
 E = Vault monster count
 F = Vault count percentage of total count
                 A         B        C        D         E       F
            +---------+---------+-------+---------+---------+-------
      Total |     145 |       7 |   4.6 |      54 |       4 |   6.9
            +---------+---------+-------+---------+---------+-------
        D:1 |      44 |       0 |   0.0 |      24 |       0 |   0.0
        D:2 |      43 |       0 |   0.0 |      18 |       0 |   0.0
        D:3 |      58 |       7 |  10.8 |      12 |       4 |  25.0
            +---------+---------+-------+---------+---------+-------
